 Dungeon Crawl Stone Soup version 0.31-a0-1539-g569d6c7dce (webtiles) character file.

Game seed: 9227342711282387002

27 Flugslaktarn the Trooper (level 2, -9/23 (27) HPs)
             Began as a Minotaur Fighter on Jan 1, 2024.
             Was a Follower of Cheibriados.
             Mangled by Terence
             ... wielding the +7 Throatcutter {drain, coup de grace}
              (14 damage)
             ... on level 2 of the Dungeon.
             The game lasted 00:00:26 (572 turns).

Flugslaktarn the Trooper (Minotaur Fighter)          Turns: 572, Time: 00:00:27

HP:   -9/23 (27)    AC:  7    Str: 23    XL:     2   Next: 93%
MP:   1/1           EV:  9    Int:  8    God:    Cheibriados [*.....]
Gold: 49            SH:  4    Dex: 12    Spells: 1/1 levels left

rFire   . . .        a - +0 war axe
rCold   . . .        c - +0 buckler
rNeg    . . .        b - +0 scale mail
rPois   .            (helmet restricted)
rElec   .            (no cloak)
rCorr   .            (no gloves)
SInv    .            (no boots)
Will    .....        (no amulet) Stlth
                     (no ring)
HPRegen 0.23/turn    (no ring)
MPRegen 0.07/turn

%: no passive effects
@: mighty, heavily drained, very slow
A: horns 2, retaliatory headbutt
a: Renounce Religion, Bend Time


You were on level 2 of the Dungeon.
You worshipped Cheibriados.
Cheibriados was aware of your devotion.
You visited 1 branch of the dungeon, and saw 2 of its levels.

You collected 49 gold pieces.

Inventory:

Hand Weapons
 a - a +0 war axe (weapon)
Armour
 b - a +0 scale mail (worn)
 c - a +0 buckler (worn)
Scrolls
 f - 3 scrolls of identify {unknown}
 j - a scroll of teleportation {unknown}
Potions
 e - a potion of attraction {unknown}
 g - a potion of haste {unknown}
 h - a potion of curing {unknown}
 i - a potion of degeneration {unknown}


   Skills:
 * Level 4.2 Fighting
 * Level 3.2 Axes
 + Level 3.9 Armour
 - Level 3.6 Shields


You had one spell level left.
You didn't know any spells.
Your spell library contained the following spells:

 Spells                   Type           Power      Damage    Failure   Level
 Apportation              Tloc           0%         N/A       78%         1
 Necrotise                Necr           0%         1d4       78%         1
 Sting                    Conj/Alch      0%         1d3       78%         1
 Summon Small Mammal      Summ           0%         N/A       78%         1


Dungeon Overview and Level Annotations

Branches:
Dungeon (2/15)

Altars:
Cheibriados

Annotations:
D:2 Terence


Innate Abilities, Weirdness & Mutations

You have a pair of horns on your head.
You reflexively headbutt those who attack you in melee.


Message History

No target in view!
You see here a bat corpse.
You now have 35 gold pieces (gained 10).
A kobold and a rat come into view.
Found a scroll labelled JAUWOL ODAN.
The kobold shouts!
The rat squeaks loudly.
There are monsters nearby!
There are monsters nearby!
The kobold throws a stone.
The stone barely misses you.
The kobold throws a stone.
You block the stone.
A kobold comes into view. It is wielding a +0 dagger.
The kobold throws a stone.
The stone hits you but does no damage. You block the kobold's attack.
You hit the kobold.
You kill the kobold!
Cheibriados appreciates the change of pace.
The rat bites you.
You barely miss the rat. Your headbutt misses the rat.
The rat barely misses you.
You hit the rat.
You kill the rat!
Cheibriados appreciates the change of pace.
The kobold hits you but does no damage.
You closely miss the kobold. The kobold hits you but does no damage.
A kobold is nearby!
You closely miss the kobold.
The kobold hits you but does no damage. x2
A kobold is nearby!
You slash the kobold!
You kill the kobold!
Cheibriados appreciates the change of pace.
Items here: ( )) †.
f - 3 scrolls labelled JAUWOL ODAN (gained 1)
Found a stone staircase leading down.
No target in view!
Found a leather armour.
No target in view!
You open the door.
There is an open door here.
You open the door.
There is an open door here.
You open the door.
There is an open door here.
You see here a dragon-blood talisman.
Done exploring.
Done exploring.
No target in view!
No target in view!
No target in view!
No target in view!
No target in view!
No target in view!
Done exploring.
No target in view!
Done exploring.
You see here a hobgoblin skeleton.
There is a stone staircase leading down here.
You climb downwards.
Found a chain mail.
There is a stone staircase leading up here.
You open the door.
There is an open door here.
j - a scroll labelled VERUXUO UCIWIFF You now have 49 gold pieces (gained 14).
Terence the Incautious comes into view.
He is wielding the +7 Throatcutter {drain, coup de grace}.
Terence shouts!
You hear an angry hiss.
Terence is nearby!
An adder comes into view.
You closely miss Terence. Terence closely misses you.
Terence looks scornfully at you.
Terence hits you with the +7 Throatcutter {drain, coup de grace}!
You feel drained.
You hit Terence. Your headbutt misses Terence.
Terence is lightly wounded.
Terence hits you with the +7 Throatcutter {drain, coup de grace}!
* * * LOW HITPOINT WARNING * * *
You feel drained.
* * * LOW HITPOINT WARNING * * *
You are too injured to fight recklessly!
You are too injured to fight recklessly!
You are too injured to fight recklessly!
You are too injured to fight recklessly!
You are too injured to fight recklessly!
You are too injured to fight recklessly!
You are too injured to fight recklessly!
You are too injured to fight recklessly!
You are too injured to fight recklessly!
You are too injured to fight recklessly!
Press: ? - help, v - describe, . - travel
Here: Terence, wielding the +7 Throatcutter {drain, coup de grace} and wearing a +0 chain mail (lightly wounded)
The floor.
Unknown command.
Okay, then.
You feel very mighty all of a sudden. You block Terence's attack.
You slash Terence!
Terence is heavily wounded.
Terence hits you with the +7 Throatcutter {drain, coup de grace}!
Ouch! That really hurt!
You die...
Terence says, "Time to find some more victims."

... #.# #.# ...
#.# #S# #@#
#@##### ##+##
#.....# ##...##
#####.# ##.....##
##.#.# ##.......#
##....###.........
#.................
##................
#.......#.......#
#.......##.....##


You could see Terence and an adder.

Vanquished Creatures
  A ball python (D:1)
  2 endoplasms (D:1)
  A giant cockroach (D:1)
  A goblin (D:1)
  6 hobgoblins (D:1)
  A bat (D:1)
  3 frilled lizards (D:1)
  8 kobolds (D:1)
  A rat (D:1)
24 creatures vanquished.

Notes
Turn   | Place    | Note
-------+----------+-------------------------------------------
     0 | D:1      | Flugslaktarn the Minotaur Fighter began the quest for the
                  | Orb.
     0 | D:1      | Reached XP level 1. HP: 19/19 MP: 0/0
   101 | D:1      | Reached XP level 2. HP: 27/27 MP: 1/1
   130 | D:1      | Reached skill level 4 in Fighting
   133 | D:1      | Found a faded altar of an unknown god.
   154 | D:1      | Prayed at the altar of an unknown god.
   154 | D:1      | Became a worshipper of Cheibriados the Contemplative
   154 | D:1      | Reached * piety under Cheibriados
   567 | D:2      | Noticed Terence
   572 | D:2      | Mangled by Terence

Illustrated notes

Levels and vault maps discovered:
D:1:      tarquinn_simple_flora_water_b, layout_rooms,
          hellmonk_ecumenical_altar_pennies_from_heaven, st_stairs_1
D:2:      layout_loops_corners, basic_altar, uniq_sigmund, uniq_terence

Skill      XL: |  1  2 |
---------------+-------+-----
Fighting       | 4 |  4.2
Axes           | 3 |  3.2
Armour         | |  3.9
Shields        | |  3.6

Action                     || total
---------------------------++-------
  Melee: War axe           ||    44
         Headbutt          ||     3
    Use: Potion            ||     1
 Armour: Scale mail        ||    39
  Dodge: Dodged            ||    21
  Block: Buckler           ||     9

Table legend: (Time is in decaauts)
 A = Elapsed time spent in this place.
 B = Non-inter-level travel time spent in this place.
 C = Inter-level travel time spent in this place.
 D = Time resting spent in this place.
 E = Time spent auto-exploring this place.
 F = Levels seen in this place.
 G = Mean time per level.
                   A        B        C        D        E       F      G
               +--------+--------+--------+--------+--------+-----+--------+
         Total |    736 |    709 |     27 |      0 |    555 |   2 |  368.0 |
       Dungeon |    736 |    709 |     27 |      0 |    555 |   2 |  368.0 |
               +--------+--------+--------+--------+--------+-----+--------+

Top non-repeatable levels by time:
     D:1: 684 daAuts
     D:2: 52 daAuts
